 Dungeon Crawl Stone Soup version 0.26.1-11-gd32895ea62 (webtiles) character file.

Game seed: 13436436621450340631

2864 Amplified the Fighter (level 9, 0/81 HPs)
             Began as a Minotaur Transmuter on June 5, 2021.
             Was a Believer of Kikubaaqudgha.
             Slain by Harold
             ... wielding a +1 halberd of protection
              (1 damage)
             ... on level 9 of the Dungeon.
             The game lasted 00:10:27 (9577 turns).

Amplified the Fighter (Minotaur Transmuter)         Turns: 9577, Time: 00:10:27

Health: 0/81       AC: 10    Str: 17    XL:     9   Next: 47%
Magic:  10/10      EV: 10    Int: 10    God:    Kikubaaqudgha [**....]
Gold:   479        SH:  4    Dex: 12    Spells: 8/10 levels left

rFire    . . .     SeeInvis .   n - +0 spear (vorpal)
rCold    + . .     Faith    .   g - +0 buckler
rNeg     . . .     Spirit   .   w - +0 chain mail (curse)
rPois    +         Reflect  .   (helmet restricted)
rElec    .         Harm     +   s - scarf {harm}
rCorr    .         Rampage  .   (no gloves)
Will     .....                  (no boots)
Stlth    ..........             (no amulet)
HPRegen  0.23/turn              l - ring of protection from cold
MPRegen  0.12/turn              r - ring of poison resistance

@: marked
A: retaliatory headbutt, horns 2
a: Renounce Religion, Receive Corpses


You were on level 9 of the Dungeon.
You worshipped Kikubaaqudgha.
Kikubaaqudgha was pleased with you.
You visited 2 branches of the dungeon, and saw 11 of its levels.

You collected 479 gold pieces.

Inventory:

Hand Weapons
 n - a +0 vorpal spear (weapon)
Armour
 g - a +0 buckler (worn)
 s - a scarf of harm (worn)
 w - a cursed +0 chain mail (worn)
Jewellery
 h - an uncursed ring of stealth
 l - a ring of protection from cold (left hand)
 q - an uncursed ring of magical power
 r - a ring of poison resistance (right hand)
Wands
 d - a wand of random effects (9)
Scrolls
 a - 2 scrolls of identify
 c - 2 scrolls of fog
 k - 7 scrolls of teleportation
 p - 4 scrolls of remove curse
Potions
 b - 2 potions of attraction
 i - 3 potions of haste
 v - a potion of cancellation


   Skills:
 * Level 8.1 Fighting
 * Level 7.9 Polearms
 - Level 7.1 Armour
 - Level 6.9 Dodging
 * Level 3.3 Shields
 - Level 3.2 Unarmed Combat
 - Level 1.3 Spellcasting
 - Level 1.5 Transmutations


You had 8 spell levels left.
You knew the following spells:

 Your Spells              Type           Power        Failure   Level
a - Corpse Rot            Necr/Air       N/A          99%         2

Your spell library contained the following spells:

 Spells                   Type           Power        Failure   Level
 Beastly Appendage        Tmut           6%           92%         1
 Wereblood                Tmut           3%           98%         2
 Pain                     Necr           0%           99%         1
 Sublimation of Blood     Necr           0%           99%         2
 Spider Form              Tmut/Pois      1%           100%        3
 Vampiric Draining        Necr           0%           100%        3
 Ice Form                 Ice/Tmut       2%           100%        4
 Blade Hands              Tmut           1%           100%        5


Dungeon Overview and Level Annotations

Branches:
Dungeon (10/15)            Temple (1/1) D:4
   Lair: D:8-11         Orc: D:9-12

Altars:
Cheibriados
Dithmenos
Elyvilon
Fedhas
Gozag
Hepliaklqana
Kikubaaqudgha
Makhleb
Nemelex Xobeh
Okawaru
Qazlal
Ru
Sif Muna
Trog
Uskayaw
Vehumet
Wu Jian
Xom
Yredelemnul
Zin
The Shining One

Annotations:
D:4 2 transporters, H0rd4k's ghost, amateur OpTm
D:5 1 runed translucent door, Blebati's ghost, novice HuWn
D:9 1 runed translucent door, Gastronok; Harold


Innate Abilities, Weirdness & Mutations

You reflexively headbutt those who attack you in melee.
You have a pair of horns on your head.


Message History

Unknown command.
As you read the scroll of fear, it crumbles to dust.
You assume a fearsome visage.
The wight is unaffected. x2
The howler monkey looks frightened!
The orc warrior easily resists.
The orc looks frightened! x2
You hear some strange, mumbled words.
The mark upon you grows brighter.
You hear some strange, mumbled words.
Something tries to affect you, but you resist.
Unknown command.
Something hits you.
* * * LOW HITPOINT WARNING * * *
Cornered, the howler monkey turns to fight!
Things that are here:
2 curare-tipped darts; a throwing net
Things that are here:
3 arrows; an adder skeleton Something hits you.
You die...
Kikubaaqudgha rasps: "You have failed me!
Welcome... death!"

#######(>......#
#..(Zo...#
#...(oz..#
######z### #)#
#h# #)#
##############(#
............@(.#
################


There were no monsters in sight!

Vanquished Creatures
  Joseph (D:7)
  Duvessa (D:7)
  A necrophage (D:6)
  2 phantoms (D:7)
  A black bear (D:9)
  3 ice beasts
  2 ogres
  2 centaurs
  A big kobold (D:7)
  A wyvern zombie (D:6)
  2 bullfrogs
  Dowan (D:7)
  2 scorpions
  A water moccasin skeleton (D:5)
  A bullfrog zombie (D:7)
  A jelly (D:7)
  A centaur zombie (D:7)
  5 orc priests
  4 hounds
  8 orc wizards
  2 iguanas
  2 worker ants (D:5)
  A hound skeleton (D:5)
  2 howler monkey zombies
  4 gnolls (D:7)
  A howler monkey skeleton (D:6)
  14 adders
  A shadow imp (D:9)
  A white imp (D:7)
  An ufetubus (D:5)
  An ooze (D:7)
  A worm (D:5)
  3 dart slugs
  3 leopard geckos
  18 orcs
  8 giant cockroaches
  6 hobgoblins (D:2)
  7 jackals
  4 quokkas
  4 bats
  7 frilled lizards (D:2)
  6 goblins
  9 kobolds
  A leopard gecko zombie (D:2)
  2 quokka zombies
  3 rats (D:2)
  A spectral orc (D:6)
154 creatures vanquished.

Vanquished Creatures (collateral kills)
  2 wights (D:9)
2 creatures vanquished.

Vanquished Creatures (others)
  A wizard (D:3)
  An orc wizard (D:4)
  An orc (D:4)
3 creatures vanquished.

Grand Total: 159 creatures vanquished

Notes
Turn   | Place    | Note
-------+----------+-------------------------------------------
     0 | D:1      | Amplified the Minotaur Transmuter began the quest for the
                  | Orb.
     0 | D:1      | Reached XP level 1. HP: 16/16 MP: 1/1
   403 | D:1      | Reached XP level 2. HP: 9/24 MP: 3/3
   697 | D:1      | Reached skill level 1 in Armour
  1065 | D:2      | Reached skill level 1 in Polearms
  1182 | D:2      | Reached skill level 2 in Fighting
  1270 | D:2      | Reached XP level 3. HP: 29/29 MP: 4/4
  1579 | D:2      | Found a snail-covered altar of Cheibriados.
  2024 | D:2      | Found an iron altar of Okawaru.
  2201 | D:2      | Reached XP level 4. HP: 33/37 MP: 5/5
  2802 | D:3      | Noticed a bullfrog
  2811 | D:3      | Killed a bullfrog
  2812 | D:3      | Reached skill level 3 in Fighting
  2812 | D:3      | Reached XP level 5. HP: 29/45 MP: 6/6
  3083 | D:3      | Found a bloodstained altar of Trog.
  3086 | D:3      | Noticed a wizard
  3090 | D:3      | Killed a wizard
  3300 | D:4      | Found a staircase to the Ecumenical Temple.
  3312 | Temple   | Entered the Ecumenical Temple
  3530 | Temple   | Became a worshipper of Kikubaaqudgha
  3608 | D:4      | Noticed an ogre
  3621 | D:4      | Killed an ogre
  3679 | D:4      | Reached XP level 6. HP: 50/52 MP: 7/7
  3725 | D:4      | Identified the +3 great mace of Valour {venom, MP+9 Str+3
                  | Stlth+}
  3726 | D:4      | Noticed H0rd4k's ghost (amateur OpTm)
  3728 | D:4      | Found a transporter.
  3832 | D:4      | Found a transporter.
  4378 | D:4      | Reached skill level 4 in Fighting
  4445 | D:5      | Entered Level 5 of the Dungeon
  4455 | D:5      | Noticed an ice beast
  4462 | D:5      | Found a runed translucent door.
  4484 | D:5      | Killed an ice beast
  4621 | D:5      | Noticed Blebati's ghost (novice HuWn)
  4663 | D:5      | Reached XP level 7. HP: 58/60 MP: 8/8
  4774 | D:5      | Reached * piety under Kikubaaqudgha
  4774 | D:5      | Identified Kikubaaqudgha's Almanac of Darkness
                  | (Kikubaaqudgha gifted it to you on level 5 of the Dungeon)
  4774 | D:5      | Received a gift from Kikubaaqudgha
  4806 | D:5      | Learned a level 2 spell: Corpse Rot
  4921 | D:5      | Noticed a fire elemental
  4958 | D:5      | Found a stormy altar of Qazlal.
  4961 | D:5      | Noticed a water elemental
  4961 | D:5      | Noticed an air elemental
  4993 | D:5      | Reached skill level 5 in Dodging
  5259 | D:5      | Reached skill level 5 in Fighting
  5615 | D:5      | Reached skill level 5 in Armour
  6279 | D:6      | Reached skill level 5 in Polearms
  6715 | D:6      | Found a basalt altar of Yredelemnul.
  6958 | D:6      | Reached XP level 8. HP: 68/69 MP: 9/9
  7105 | D:6      | Found a sacrificial altar of Ru.
  7420 | D:7      | Reached skill level 6 in Fighting
  7869 | D:7      | Noticed Joseph
  7878 | D:7      | Killed Joseph
  8049 | D:7      | Reached skill level 7 in Fighting
  8141 | D:7      | Reached XP level 9. HP: 75/79 MP: 10/10
  8266 | D:7      | Reached ** piety under Kikubaaqudgha
  8430 | D:7      | Noticed Duvessa
  8431 | D:7      | Noticed Dowan
  8442 | D:7      | Killed Duvessa
  8443 | D:7      | Reached skill level 1 in Shields
  8450 | D:7      | Killed Dowan
  8713 | D:8      | Found a bloodstained altar of Trog.
  9246 | D:9      | Found a glowing silver altar of Zin.
  9247 | D:9      | Found a runed translucent door.
  9247 | D:9      | Noticed an angel
  9248 | D:9      | Noticed Gastronok
  9343 | D:10     | Entered Level 10 of the Dungeon
  9357 | D:9      | Reached skill level 8 in Fighting
  9516 | D:9      | Noticed Harold
  9575 | D:9      | HP: 1/81 [something (7)]
  9577 | D:9      | Slain by Harold

Illustrated notes

Levels and vault maps discovered:
D:1:      minmay_arrival_four_loops, layout_loops_ring, corexii_leaking_fountain
D:2:      layout_basic, lemuel_crystal_altar, nicolae_overflow_hidden_temple,
          st_stairs_13, minmay_lizard_pond
D:3:      layout_loops_ring, trog_wizard
D:4:      layout_basic, minmay_temple_entry_statues_fountains,
          gammafunk_ghost_smash
D:5:      layout_gridville, nicolae_qazlal_style_of_elements,
          hellmonk_ghost_happy_afterlife
D:6:      layout_rooms, old_standard_altar, yredelemnul_forgotten_temple_becter
D:7:      layout_basic, kennysheep_generic_room_7, uniq_duvessa, uniq_joseph
D:8:      layout_loops_ring, marbit_many_paths
D:9:      layout_basic, lemuel_doored_altar, grunt_decor_junction,
          lemuel_angel_altar, uniq_harold, uniq_gastronok
D:10:     layout_loops_ring, hiddenorc1_lemuel, serial_shops,
          nicolae_shop_statue_plus, st_stairs_11
Temple:   bh_familiar_temple

Skill      XL: |  1  2  3  4  5  6  7  8  9 |
---------------+----------------------------+-----
Armour         | 1 2 3 4 5 6 7 |  7.1
Polearms       | 1 2 3 4 5 6 7 |  7.9
Fighting       | 2 3 4 5 7 8 |  8.1
Dodging        | 3 4 5 6 |  6.9
Shields        | 3 |  3.3
Unarmed Combat | |  3.2
Spellcasting   | |  1.3
Transmutations | |  1.5

Action                   |  1- 3 |  4- 6 |  7- 9 || total
-------------------------+-------+-------+-------++-------
Melee: Spear             |   107 |   149 |   407 ||   663
       Headbutt          |     8 |    11 |    66 ||    85
       Unarmed           |     2 |       |       ||     2
       Dagger            |     1 |       |       ||     1
       Punch             |       |     1 |     3 ||     4
Throw: Dart              |       |       |     2 ||     2
       Throwing net      |       |       |     1 ||     1
 Cast: Corpse Rot        |       |       |     1 ||     1
Evoke: Wand              |       |    15 |    15 ||    30
  Use: Scroll            |     3 |     1 |    14 ||    18
       Potion            |       |     5 |     7 ||    12
 Stab: Sleeping          |     1 |     2 |     2 ||     5
       Distracted        |       |     1 |       ||     1
       Invisible         |       |     4 |     1 ||     5
Armor: Robe              |    10 |    16 |    10 ||    36
       Skin              |       |    19 |    12 ||    31
       Chain mail        |       |       |    56 ||    56
Dodge: Dodged            |    53 |    75 |   152 ||   280
Block: Buckler           |       |       |     9 ||     9
